 Dungeon Crawl Stone Soup version 0.29-a0-557-g43b9904bd1 (webtiles) character file.

Game seed: 15372473185523329149

144757 spaghetti the Spry (level 16, -2/119 HPs)
             Began as a Demonspawn Necromancer on June 8, 2022.
             Was the Champion of Hepliaklqana.
             Slain by a fire elemental (10 damage)
             ... summoned by a deep elf pyromancer
             ... on level 2 of the Elven Halls.
             The game lasted 00:47:56 (23434 turns).

spaghetti the Spry (Demonspawn Necromancer)        Turns: 23434, Time: 00:47:57

Health: -2/119     AC: 28    Str: 19    XL:     16   Next: 85%
Magic:  0/20       EV: 20    Int: 18    God:    Hepliaklqana [******]
Gold:   3086       SH:  0    Dex: 33    Spells: 15/20 levels left

rFire   . . .      SeeInvis .   v - +11 hunting sling of Atapo {venom, Fragile rN+++ Str+4, sling}
rCold   . . .      Faith    .   (no shield)
rNeg    + + +      Spirit   +   p - +8 plate armour of Gravitas {Str+7}
rPois   .          Reflect  .   t - +2 hat
rElec   .          Harm     .   V - +0 cloak
rCorr   +          Rampage  .   (no gloves)
Will    ++...                   M - +1 pair of boots
Stlth   +.........              a - amulet "Rirrex" {Acrobat rN+ rCorr}
HPRegen 0.29/turn               c - +6 ring of dexterity
MPRegen 0.34/turn               y - +6 ring of dexterity

@: studying 2 skills
A: reduced essence, antennae 2, slimy green scales 1, demonic guardian 3, magic
shield, magic regeneration, magic link, corrupting presence 2, thin skeletal
structure 1, camouflage 1, dopey 1, strong-willed 1
a: Renounce Religion, Recall Ancestor, Ancestor Identity, Transference, Idealise


You were on level 2 of the Elven Halls.
You worshipped Hepliaklqana.
Hepliaklqana was exalted by your worship.
You visited 5 branches of the dungeon, and saw 26 of its levels.
You also visited: Bailey.

You collected 3324 gold pieces.
You spent 238 gold pieces at shops.


Innate Abilities, Weirdness & Mutations

Your life essence is reduced to manifest your ancestor. (-10% HP)
You have a pair of antennae on your head.
You are partially covered in slimy green scales. (AC +2)
A powerful demonic guardian rushes to your aid.
When hurt, damage is shared between your health and your magic reserves.
You regenerate magic rapidly.
When low on magic, you restore magic in place of health.
Your presence sometimes corrodes or deforms those you injure.
You have a somewhat thin skeletal structure. (Dex +2, Stealth+)
Your skin changes colour to match your surroundings (Stealth+).
You are dopey. (Int -2)
You are strong-willed. (Will+)


   Skills:
 + Level 14.2 Fighting
 - Level 1.6 Staves
 - Level 16.0 Slings
 + Level 6.6 Armour
 - Level 18.3 Dodging
 - Level 1.7 Stealth
 - Level 2.8 Spellcasting
 - Level 5.0 Necromancy
 - Level 1.8 Evocations


You had 15 spell levels left.
You knew the following spells:

 Your Spells              Type           Power      Damage    Failure   Level
a - Necrotize             Necr           80%        1d8       47%         1
b - Animate Dead          Necr           20%        N/A       99%         4

Your spell library contained the following spells:

 Spells                   Type           Power      Damage    Failure   Level
 Sublimation of Blood     Necr           20%        N/A       63%         2
 Vampiric Draining        Necr           20%        2d7       85%         3
 Shock                    Conj/Air       8%         1d3       99%         1
 Slow                     Hex            8%         N/A       99%         1
 Confusing Touch          Hex            2%         N/A       100%        3
 Gell's Gravitas          Tloc           2%         N/A       100%        3
 Lesser Beckoning         Tloc           2%         N/A       100%        3
 Teleport Other           Tloc           2%         N/A       100%        3
 Tukima's Dance           Hex            2%         N/A       100%        3
 Olgreb's Toxic Radiance  Pois           2%         N/A       100%        4
 Passage of Golubria      Tloc           2%         N/A       100%        4
 Agony                    Necr           20%        N/A       100%        5
 Summon Forest            Summ/Tloc      1%         N/A       100%        5
 Yara's Violent Unravell  Hex/Tmut       1%         3d3       100%        5
 Eringya's Noxious Bog    Tmut/Pois      1%         N/A       100%        6
 Spellforged Servitor     Conj/Summ      1%         N/A       100%        7
 Summon Hydra             Summ           1%         N/A       100%        7
 Lehudib's Crystal Spear  Conj/Erth      1%         10d2      100%        8

Inventory:

Hand Weapons
 v - the +11 hunting sling of Atapo (weapon) {venom, Fragile rN+++ Str+4, sling}
   (You found it on level 3 of the Dungeon)

   Any ammunition fired from it poisons the flesh of those it strikes.
   Str:       It affects your strength (+4).
   rN:        It renders you almost immune to negative energy.
   Fragile:   It will be destroyed if unequipped.
Missiles
 h - 17 javelins {throwing}
 r - 22 poisoned darts {throwing}
 C - 2 throwing nets {=f!fthrowing}
 H - 5 curare-tipped darts {=fthrowing}
 W - 7 atropa-tipped darts {throwing}
Armour
 p - the +8 plate armour of Gravitas (worn) {Str+7}
   (You found it on level 15 of the Dungeon)

   Str:       It affects your strength (+7).
 t - a +2 hat (worn)
   (You found it on level 2 of the Dungeon)
 M - a +1 pair of boots (worn)
   (You found it on level 13 of the Dungeon)
 V - a +0 cloak (worn)
   (You took it off Maurice on level 2 of the Orcish Mines)
Jewellery
 a - the amulet "Rirrex" (around neck) {Acrobat rN+ rCorr}
   (You found it on level 15 of the Dungeon)

   [amulet of the acrobat]

   It increases your evasion while moving and waiting.
   rN:        It protects you from negative energy.
   rCorr:     It protects you from acid and corrosion.
 c - a +6 ring of dexterity (left hand)
   (You found it on level 9 of the Dungeon)
 y - a +6 ring of dexterity (right hand)
   (You found it on level 12 of the Dungeon)
 G - an amulet of regeneration {@e2}
   (You found it on level 6 of the Dungeon)
Wands
 q - a wand of charming (11)
   (You found it on level 15 of the Dungeon)
 x - a wand of digging (7)
   (You found it on level 1 of the Lair of Beasts)
 F - a wand of polymorph (17)
   (You found it on level 1 of the Lair of Beasts)
 J - a wand of iceblast (25)
   (You found it on level 7 of the Dungeon)
 L - a wand of paralysis (14)
   (You took it off Maggie on level 7 of the Dungeon)
 O - a wand of flame (30)
   (You took it off Duvessa on level 7 of the Dungeon)
 S - a wand of mindburst (10)
   (You found it on level 4 of the Lair of Beasts)
Scrolls
 j - 8 scrolls of fog
 k - 4 scrolls of poison {!r}
 n - 5 scrolls of amnesia
 o - 8 scrolls of teleportation {@r4}
 s - 3 scrolls of magic mapping {!r}
 u - a scroll of silence {!r}
 A - 2 scrolls of vulnerability {!r!r}
 B - 9 scrolls of identify {@r1}
 I - 4 scrolls of enchant weapon
 P - 4 scrolls of enchant armour
 Q - 3 scrolls of torment {!r}
 R - 3 scrolls of noise {!r}
 X - 3 scrolls of immolation {!r!r}
 Y - 4 scrolls of brand weapon
Potions
 b - 2 potions of magic
 e - 7 potions of might
 f - 5 potions of curing {@q1}
 g - 6 potions of brilliance
 l - a potion of cancellation
 z - 2 potions of berserk rage {!q}
 D - 2 potions of lignification {!q}
 K - a potion of haste {@q3}
 N - 3 potions of resistance
 T - 4 potions of attraction {!q}
 Z - 4 potions of invisibility

Dungeon Overview and Level Annotations

Branches:
Dungeon (15/15)            Temple (1/1) D:6            Lair (6/6) D:8
  Swamp (0/4) Lair:3        Snake (0/4) Lair:4        Slime (0/5) Lair:5
    Orc (2/2) D:10            Elf (2/3) Orc:2        Vaults (0/5) D:14
 Depths (0/4) D:15         Bailey (visited)

Altars:
Ashenzari
Cheibriados
Dithmenos
Elyvilon
Fedhas
Gozag
Hepliaklqana
Kikubaaqudgha
Makhleb
Nemelex Xobeh
Okawaru
Qazlal
Ru
Sif Muna
Trog
Uskayaw
Vehumet
Wu Jian
Xom
Yredelemnul
Zin
The Shining One
Beogh
Lugonu

Shops:
Orc:1 (   Orc:2 ((*   Elf:2 [

Portals:
Abyss: Lair:1

Annotations:
D:5 3 runed translucent doors, frimble's ghost, novice MeCA
Orc:2 1 exclusion
Elf:1 3 runed translucent doors, frimble's ghost, journeyman MeIE

∩..♣.......##.##.##
...♣.....)...#.$....
♣.♣.........)#....#
.♣...$....)......#
#.#..$.......#..#[
#.:.......°[<#.##
..#....).(°..#..#
#...:..E......#.#
#....§@E.)..### .#
......ee$....# .
.......###.###
........#####.
##.$.### { { #.
#...# ...## .!.


You could see a deep elf pyromancer, a deep elf zephyrmancer, 2 fire elementals
and a +2 vorpal halberd.


Message History

The deep elf pyromancer blinks!
The deep elf zephyrmancer gestures wildly while chanting.
The deep elf zephyrmancer blinks! 😨 HP[+6] MP[+1]
You regained 6 hp, and now have 44/119 hp.
Unknown command.
Unknown command.
Unknown command.
Unknown command.
Fire: v) +11 hunting sling of Atapo {venom, Fragile rN+++ Str+4, sling}
Press: ? - help, Q - select action, (/) - cycle Shift-Dir - straight line, f/p - deep elf pyromancer
Aim: a deep elf pyromancer, wielding a +0 long sword (fleeing, ally target, 75% to hit)
You shoot a sling bullet.
The sling bullet hits the deep elf pyromancer.
Your corrupting presence corrodes the deep elf pyromancer!
The deep elf pyromancer is poisoned.
Your attack snaps the deep elf pyromancer out of its fear.
The deep elf pyromancer mumbles some strange words.
The deep elf pyromancer blinks!
The deep elf zephyrmancer casts a spell.
The deep elf zephyrmancer blinks!
The +2 vorpal halberd is engulfed in blazing flames. 😨 MP[+1] Fire: v) +11 hunting sling of Atapo {venom, Fragile rN+++ Str+4, sling}
Press: ? - help, Q - select action, (/) - cycle Shift-Dir - straight line, f/p - deep elf pyromancer
Aim: a deep elf pyromancer, wielding a +0 long sword (moderately wounded, very poisoned, covered in acid, ally target, 75% to hit)
You shoot a sling bullet.
The sling bullet closely misses the deep elf pyromancer.
Your lorocyproca disappears in a puff of smoke!
The deep elf pyromancer casts a spell.
The deep elf pyromancer blinks!
The deep elf zephyrmancer mumbles some strange words.
The deep elf zephyrmancer blinks!
The fire elemental hits you. The fire elemental burns you!
* * * LOW HITPOINT WARNING * * *
The fire elemental hits you.
The +2 vorpal halberd closely misses you. 😨 HP[-5]
You take 5 damage, and now have 39/119 hp.
You don't have any such object.
Evoke which item? (* to show all) (? for menu, Esc to quit)
Okay, then.
Unknown command.
Fire: v) +11 hunting sling of Atapo {venom, Fragile rN+++ Str+4, sling}
Press: ? - help, Q - select action, (/) - cycle Shift-Dir - straight line, f/p - deep elf pyromancer
Aim: a deep elf pyromancer, wielding a +0 long sword (moderately wounded, very poisoned, covered in acid, 75% to hit)
You shoot a sling bullet.
The sling bullet hits the deep elf pyromancer!
The deep elf pyromancer looks as sick as possible!
The deep elf pyromancer seems to regain its courage.
The deep elf zephyrmancer seems to regain its courage.
The deep elf pyromancer barely misses you.
The fire elemental closely misses you.
The fire elemental completely misses you.
The +2 vorpal halberd is engulfed in blazing flames.
The +2 vorpal halberd hits you from afar!
* * * LOW HITPOINT WARNING * * *
x2 The deep elf pyromancer points at you and mumbles some strange words.
The bolt of fire misses you.
The deep elf pyromancer mumbles some strange words.
The deep elf pyromancer blinks!
The fire elemental completely misses you. 😱 HP[-10]
You take 10 damage, and now have 29/119 hp.
Fire: v) +11 hunting sling of Atapo {venom, Fragile rN+++ Str+4, sling}
Press: ? - help, Q - select action, (/) - cycle Shift-Dir - straight line, f/p - deep elf pyromancer
Aim: a deep elf pyromancer, wielding a +0 long sword (heavily wounded, extremely poisoned, covered in acid, 75% to hit)
You shoot a sling bullet.
The sling bullet closely misses the deep elf pyromancer.
The fire elemental hits you.
The +2 vorpal halberd closely misses you.
The fire elemental hits you. The fire elemental burns you!
* * * LOW HITPOINT WARNING * * *
The +2 vorpal halberd misses you.
The fire elemental completely misses you.
The deep elf zephyrmancer barely misses you. 😱 HP[-9] MP[-1]
You take 9 damage, and now have 20/119 hp.
You lost 1 mp, and now have 2/20 mp.
Fire: v) +11 hunting sling of Atapo {venom, Fragile rN+++ Str+4, sling}
Press: ? - help, Q - select action, (/) - cycle Shift-Dir - straight line, f/p - deep elf pyromancer
Aim: a deep elf pyromancer, wielding a +0 long sword (severely wounded, extremely poisoned, covered in acid, 75% to hit)
You shoot a sling bullet.
The sling bullet hits the deep elf pyromancer!!
You kill the deep elf pyromancer!
The fire elemental hits you. The fire elemental burns you!
* * * LOW HITPOINT WARNING * * *
The +2 vorpal halberd hits you from afar.
* * * LOW HITPOINT WARNING * * *
x2 The fire elemental hits you.
The deep elf zephyrmancer points at you and mumbles some strange words.
The bolt of lightning misses you.
The bolt of lightning hits the fire elemental!
The fire elemental resists.
The bolt of lightning misses the +2 vorpal halberd.
The fire elemental completely misses you.
The +2 vorpal halberd hits you from afar.
* * * LOW HITPOINT WARNING * * *
x2 The fire elemental hits you.
The fire elemental burns you!
You die...

Skill      XL: |  1  2  3  4  5  6  7  8  9 10 11 12 13 14 15 16 |
---------------+-------------------------------------------------+-----
Dodging        | 2 5 7 9 11 13 15 16 18 | 18.3
Staves         | 1 |  1.6
Evocations     | 1 |  1.8
Necromancy     | 5 |  5.0
Slings         | 3 4 7 8 10 11 13 14 16 | 16.0
Fighting       | 2 8 11 14 | 14.2
Armour         | 6 |  6.6
Stealth        | |  1.7
Spellcasting   | |  2.8

Action                   |  1- 3 |  4- 6 |  7- 9 | 10-12 | 13-15 | 16-18 || total
-------------------------+-------+-------+-------+-------+-------+-------++-------
Melee: Staff             |    43 |    48 |       |       |       |       ||    91
 Fire: Hunting sling     |       |    44 |   174 |   476 |  1413 |   333 ||  2440
 Cast: Necrotize         |    25 |    25 |       |       |       |       ||    50
       Animate Dead      |       |       |       |       |     1 |       ||     1
Invok: Ancestor Life: Ba |       |       |       |     1 |       |       ||     1
       Ancestor Identity |       |       |       |     1 |       |       ||     1
       Recall Ancestor   |       |       |       |       |     2 |       ||     2
Evoke: Wand              |       |       |       |     3 |     9 |     4 ||    16
  Use: Potion            |     3 |     5 |       |     6 |     5 |     7 ||    26
       Scroll            |       |       |       |    11 |    17 |     2 ||    30
 Stab: Sleeping          |     1 |     5 |       |       |       |       ||     6
Armor: Robe              |    10 |    21 |     5 |    11 |    12 |       ||    59
       Skin              |       |     7 |       |       |       |       ||     7
       Steam dragon scal |       |       |     7 |    21 |       |       ||    28
       Leather armour    |       |       |       |       |     9 |       ||     9
       Plate armour      |       |       |       |       |       |   140 ||   140
Dodge: Dodged            |    51 |    73 |    14 |   110 |   282 |   248 ||   778

Levels and vault maps discovered:
D:1:      amcnicky_arrival_flooded_fountain, layout_basic
D:2:      layout_basic, minmay_door_square, uniq_natasha
D:3:      layout_basic, chequers_temple_overflow_statue_of_worship,
          hellmonk_ecumenical_altar_heavens_door, supply_closet_lemuel
D:4:      layout_loops_ring, minivault_24, grunt_ministairs_7
D:5:      layout_basic, gammafunk_ghost_split, uniq_sigmund
D:6:      layout_gridville, minmay_temple_entry_gardened_gates
D:7:      layout_basic, marbit_many_paths, xom_shifter_show, kennysheep_path_1,
          minmay_ruined_shrine, uniq_menkaure, uniq_duvessa, uniq_joseph,
          uniq_maggie
D:8:      layout_gridville, trog_three_pillars_becter,
          mainiacjoe_overflow_divided_tiny, david_lair_shrubbed, enter_bailey_3
D:9:      layout_loops_ring, roderic_batcave, hangedman_tell_no_tales
D:10:     layout_irregular_city, mainiacjoe_overflow_paths, david_orc_2
D:11:     dreamdust_isle_of_ice, layout_cross, gauntlet_entry_generic
D:12:     layout_cave_pools
D:13:     layout_cave_pods, serial_glass, glass_columns_b, glass_columns_b,
          glass_columns_b, glass_columns_b
D:14:     layout_stronghold, david_vaults_2, abandoned_shop,
          palyth_stone_intersect
D:15:     hangedman_slaughterboxes
Temple:   hc_temple_tempest_star
Lair:1:   layout_loops_ring, amcnicky_altar_lugonu_corruption
Lair:2:   layout_gridlike, patterned_corridor
Lair:3:   layout_gridlike, minmay_swamp_entry_eels, st_stairs_5,
          grunt_megastairs_1, infiniplex_staircase_pool_2
Lair:4:   layout_misc_corridors, dummy_snake_entry, grunt_megastairs_3
Lair:5:   layout_roguey, minmay_slime_entry_jelly_boxes
Lair:6:   evilmike_catoblepas_cave, layout_regular_city,
          nicolae_volcano_entry_vermiform, serial_bayou_shore_a,
          lemuel_fruit_tree
Orc:1:    layout_caves, nicolae_shop_firing_range, uniq_urug
Orc:2:    grunt_orc_community_town_hall, layout_caves,
          grunt_orc_community_big_house_2, grunt_orc_community_big_house_2,
          grunt_orc_community_house_1, grunt_orc_community_house_3,
          grunt_orc_community_house_2, grunt_orc_community_house_3, uniq_snorg,
          uniq_maurice
Elf:1:    layout_geoelf_octagon, gammafunk_ghost_fury_of_okawaru,
          minmay_elf_annihilation
Elf:2:    nicolae_elf_blades_crystal_corner, layout_loops_cross,
          ebering_ghost_gozag, serial_shops, nicolae_diamond_shop, nrook_uturn,
          minmay_misc_feat_rows, minmay_misc_feat_diagonals

Notes
Turn   | Place    | Note
-------+----------+-------------------------------------------
     0 | D:1      | spaghetti the Demonspawn Necromancer began the quest for
                  | the Orb.
     0 | D:1      | Reached XP level 1. HP: 13/13 MP: 3/3
     0 | D:1      | magus.rc [v1.9.6]
   377 | D:1      | Gained mutation: A weak demonic guardian rushes to your
                  | aid. [demonic ancestry]
   377 | D:1      | Reached XP level 2. HP: 17/19 MP: 1/5
   382 | D:1      | Reached skill level 2 in Dodging
  1463 | D:2      | HP: 4/19 [poisoned by an adder]
  1472 | D:2      | Reached skill level 1 in Staves
  1472 | D:2      | Gained mutation: You regenerate magic rapidly. [demonic
                  | ancestry]
  1472 | D:2      | Reached XP level 3. HP: 18/24 MP: 0/6
  1485 | D:2      | Reached skill level 1 in Evocations
  1499 | D:2      | Gained mutation: When hurt, damage is shared between your
                  | health and your magic reserves. [demonic ancestry]
  1499 | D:2      | Reached XP level 4. HP: 26/30 MP: 0/7
  1823 | D:2      | Noticed Natasha
  1899 | D:2      | Killed Natasha
  2217 | D:3      | Found a shimmering blue altar of Sif Muna.
  2323 | D:3      | Found a burning altar of Makhleb.
  2323 | D:3      | Found a stormy altar of Qazlal.
  2351 | D:3      | Gained mutation: You are frail. (-10% HP) [potion of
                  | mutation]
  2351 | D:3      | Gained mutation: Your flesh is heat resistant. (rF+)
                  | [potion of mutation]
  2351 | D:3      | Gained mutation: You are dopey. (Int -2) [potion of
                  | mutation]
  2351 | D:3      | Gained mutation: Your skin changes colour to match your
                  | surroundings (Stealth+). [potion of mutation]
  2359 | D:3      | Reached skill level 5 in Necromancy
  2652 | D:3      | Reached XP level 5. HP: 31/31 MP: 9/9
  2896 | D:3      | Found a faded altar of an unknown god.
  3199 | D:3      | Identified the +11 hunting sling of Atapo {venom, Fragile
                  | rN+++ Str+4}
  3543 | D:4      | Reached skill level 1 in Slings
  3791 | D:4      | Reached skill level 2 in Slings
  3846 | D:4      | Reached skill level 3 in Slings
  3846 | D:4      | Reached XP level 6. HP: 36/36 MP: 10/10
  4125 | D:5      | Entered Level 5 of the Dungeon
  4183 | D:5      | Found a runed translucent gate.
  4183 | D:5      | Found a runed translucent gate.
  4192 | D:5      | Noticed frimble's ghost (novice MeCA)
  4228 | D:5      | Reached skill level 4 in Slings
  4253 | D:5      | Found a runed translucent gate.
  4440 | D:5      | Gained mutation: You are partially covered in slimy green
                  | scales. (AC +2) [demonic ancestry]
  4440 | D:5      | Reached XP level 7. HP: 41/41 MP: 11/11
  4478 | D:5      | Reached skill level 5 in Slings
  4566 | D:5      | Noticed Sigmund
  4568 | D:5      | Killed Sigmund
  4588 | D:5      | Reached skill level 6 in Slings
  4996 | D:6      | Noticed a wyvern
  4999 | D:6      | Killed a wyvern
  5096 | D:6      | Reached skill level 7 in Slings
  5096 | D:6      | Gained mutation: You have a pair of small antennae on your
                  | head. [demonic ancestry]
  5096 | D:6      | Reached XP level 8. HP: 46/46 MP: 12/12
  5133 | D:6      | Found a staircase to the Ecumenical Temple.
  5150 | Temple   | Entered the Ecumenical Temple
  5241 | Temple   | Became a worshipper of Hepliaklqana the Forgotten
  5424 | D:6      | Reached skill level 3 in Dodging
  5513 | D:6      | Reached skill level 8 in Slings
  5658 | D:7      | Found a shimmering altar of Xom.
  5659 | D:7      | Found a shimmering altar of Xom.
  5659 | D:7      | Found a shimmering altar of Xom.
  5659 | D:7      | Found a shimmering altar of Xom.
  5659 | D:7      | Found a shimmering altar of Xom.
  5659 | D:7      | Found a shimmering altar of Xom.
  5808 | D:7      | Reached * piety under Hepliaklqana
  5814 | D:7      | Noticed Menkaure
  5817 | D:7      | Reached skill level 4 in Dodging
  5822 | D:7      | Killed Menkaure
  5822 | D:7      | Noticed Joseph
  5831 | D:7      | Killed Joseph
  5832 | D:7      | Reached skill level 5 in Dodging
  5832 | D:7      | Reached XP level 9. HP: 13/45 MP: 3/13
  5840 | D:7      | Noticed Maggie
  5848 | D:7      | Killed Maggie
  5849 | D:7      | Reached skill level 9 in Slings
  5925 | D:7      | Noticed Dowan
  5926 | D:7      | Noticed Duvessa
  5928 | D:7      | Killed Dowan
  5936 | D:7      | Killed Duvessa
  5937 | D:7      | Reached skill level 6 in Dodging
  5980 | D:7      | Found a hide-covered altar of Uskayaw.
  6059 | D:7      | Found a hazy altar of Hepliaklqana.
  6122 | D:7      | Noticed a troll
  6242 | D:7      | Noticed a black mamba
  6244 | D:7      | Noticed a rime drake
  6303 | D:7      | Reached skill level 10 in Slings
  6303 | D:7      | Reached skill level 7 in Dodging
  6380 | D:8      | Found a bloodstained altar of Trog.
  6465 | D:8      | Found an ornate altar of the Wu Jian Council.
  6465 | D:8      | Found a sparkling altar of Nemelex Xobeh.
  6553 | D:8      | Found a flagged portal.
  6559 | Bailey   | Entered a bailey
  6588 | Bailey   | Gained mutation: You have a pair of antennae on your head.
                  | [demonic ancestry]
  6588 | Bailey   | Reached XP level 10. HP: 50/50 MP: 14/14
  6621 | Bailey   | Noticed a vault guard
  6637 | Bailey   | Killed a vault guard
  6638 | Bailey   | Reached skill level 8 in Dodging
  6685 | Bailey   | Noticed Prince Ribbit
  6685 | Bailey   | Noticed a vault guard
  6690 | Bailey   | Killed Prince Ribbit
  6700 | Bailey   | Killed a vault guard
  6701 | Bailey   | Reached skill level 11 in Slings
  6883 | D:8      | You pick up a book of Debilitation and begin reading...
  6883 | D:8      | You add the spells Slow and Confusing Touch to your
                  | library.
  6911 | D:8      | Reached ** piety under Hepliaklqana
  6912 | D:8      | Remembered your ancestor Bubba as a battlemage
  6976 | D:8      | Found a staircase to the Lair.
  7012 | D:8      | Reached skill level 9 in Dodging
  7138 | Lair:1   | Entered Level 1 of the Lair of Beasts
  7159 | Lair:1   | Found a one-way gate to the infinite horrors of the Abyss.
  7161 | Lair:1   | Found a corrupted altar of Lugonu.
  7197 | Lair:1   | Noticed a cane toad
  7201 | Lair:1   | Killed a cane toad
  7201 | Lair:1   | Noticed a black mamba
  7244 | Lair:1   | Gained mutation: When low on magic, you restore magic in
                  | place of health. [demonic ancestry]
  7244 | Lair:1   | Reached XP level 11. HP: 50/54 MP: 15/15
  7314 | Lair:1   | Reached skill level 12 in Slings
  7398 | Lair:1   | You pick up a book of Displacement and begin reading...
  7398 | Lair:1   | You add the spells Lesser Beckoning, Gell's Gravitas and
                  | Teleport Other to your library.
  7935 | Lair:2   | Reached skill level 10 in Dodging
  7940 | Lair:2   | Noticed an eight-headed hydra
  7946 | Lair:2   | Killed an eight-headed hydra
  8442 | Lair:2   | Reached *** piety under Hepliaklqana
  8650 | Lair:3   | Reached skill level 13 in Slings
  8650 | Lair:3   | Reached skill level 11 in Dodging
  8875 | Lair:3   | Gained mutation: A demonic guardian rushes to your aid.
                  | [demonic ancestry]
  8875 | Lair:3   | Reached XP level 12. HP: 59/59 MP: 16/16
  8905 | Lair:3   | Identified the +1 robe of Fosok {Int+4 Dex+2}
  8962 | Lair:3   | Noticed a five-headed hydra
  8964 | Lair:3   | Noticed a six-headed hydra
  8967 | Lair:3   | Killed a five-headed hydra
  8972 | Lair:3   | Killed a six-headed hydra
  8991 | Lair:3   | Found a staircase to the Swamp.
  9062 | Lair:3   | Noticed a catoblepas
  9076 | Lair:3   | Killed a catoblepas
  9077 | Lair:3   | Reached skill level 12 in Dodging
  9155 | Lair:3   | You add the spells Tukima's Dance, Passage of Golubria and
                  | Yara's Violent Unravelling to your library.
  9325 | Lair:3   | Reached **** piety under Hepliaklqana
  9583 | Lair:4   | Found a staircase to the Snake Pit.
  9587 | Lair:4   | Noticed a six-headed hydra
  9590 | Lair:4   | Killed a six-headed hydra
  9591 | Lair:4   | Reached skill level 14 in Slings
  9683 | Lair:4   | Noticed a death yak
  9684 | Lair:4   | Noticed a death yak
  9688 | Lair:4   | Noticed a death yak
  9695 | Lair:4   | Killed a death yak
  9704 | Lair:4   | Killed a death yak
  9712 | Lair:4   | Killed a death yak
 10164 | Lair:5   | Reached skill level 13 in Dodging
 10226 | Lair:5   | Found a staircase to the Slime Pits.
 10254 | Lair:5   | Gained mutation: Your presence sometimes corrodes those you
                  | injure. [demonic ancestry]
 10254 | Lair:5   | Reached XP level 13. HP: 63/63 MP: 17/17
 10286 | Lair:5   | Reached skill level 15 in Slings
 10760 | Lair:6   | Entered Level 6 of the Lair of Beasts
 10809 | Lair:6   | Reached ***** piety under Hepliaklqana
 10823 | Lair:6   | Identified a scroll of acquirement
 10823 | Lair:6   | Acquired a manual of Shields
 10959 | Lair:6   | Reached skill level 14 in Dodging
 10962 | Lair:6   | HP: 9/63 [death yak (13)]
 11270 | Lair:6   | You add the spells Summon Forest, Eringya's Noxious Bog and
                  | Summon Hydra to your library.
 11379 | Lair:6   | Reached skill level 16 in Slings
 11419 | Lair:6   | HP: 5/63 [catoblepas (14)]
 11562 | Lair:6   | Reached skill level 15 in Dodging
 11907 | Lair:6   | Reached skill level 1 in Fighting
 11971 | Lair:6   | Reached skill level 2 in Fighting
 11983 | Lair:6   | Gained mutation: Your presence sometimes corrodes or
                  | deforms those you injure. [demonic ancestry]
 11983 | Lair:6   | Reached XP level 14. HP: 72/72 MP: 18/18
 12034 | Lair:6   | Reached skill level 3 in Fighting
 12743 | D:9      | Reached skill level 4 in Fighting
 12800 | D:10     | Entered Level 10 of the Dungeon
 12857 | D:10     | You fall into a shaft and drop 1 floor!
 12911 | D:10     | Found an ancient bone altar of Kikubaaqudgha.
 13159 | D:10     | Found a staircase to the Orcish Mines.
 13374 | D:10     | Identified the +9 hunting sling of Fafesaga {flame, Fly rF+
                  | Dex-4}
 13529 | D:11     | Reached skill level 5 in Fighting
 13695 | D:11     | You add the spells Sublimation of Blood and Olgreb's Toxic
                  | Radiance to your library.
 13695 | D:11     | Got Casiacko's Handbook of Twisted Poisoning
 13983 | D:12     | Reached skill level 6 in Fighting
 14030 | D:12     | Reached skill level 16 in Dodging
 14056 | D:12     | Reached ****** piety under Hepliaklqana
 14293 | D:12     | Lost mutation: You are dopey. (Int -2) [potion of mutation]
 14293 | D:12     | Lost mutation: Your flesh is heat resistant. (rF+) [potion
                  | of mutation]
 14293 | D:12     | Gained mutation: You have a pair of large antennae on your
                  | head. (SInv) [potion of mutation]
 14293 | D:12     | Gained mutation: Your movements are slightly less
                  | encumbered by armour. (ER -2) [potion of mutation]
 14294 | D:12     | Lost mutation: You have a pair of large antennae on your
                  | head. (SInv) [potion of mutation]
 14294 | D:12     | Lost mutation: Your movements are slightly less encumbered
                  | by armour. (ER -2) [potion of mutation]
 14294 | D:12     | Gained mutation: Your flesh is heat resistant. (rF+)
                  | [potion of mutation]
 14294 | D:12     | Gained mutation: You have large cloven feet. [potion of
                  | mutation]
 14294 | D:12     | Gained mutation: You are strong-willed. (Will+) [potion of
                  | mutation]
 14560 | D:13     | Reached skill level 7 in Fighting
 14744 | Orc:1    | Entered Level 1 of the Orcish Mines
 14750 | Orc:1    | Noticed Urug
 14763 | Orc:1    | Killed Urug
 14875 | Orc:2    | Entered Level 2 of the Orcish Mines
 14919 | Orc:2    | Noticed Maurice
 14924 | Orc:2    | Killed Maurice
 14959 | Orc:2    | Noticed Snorg
 14964 | Orc:2    | Killed Snorg
 14965 | Orc:2    | Reached skill level 8 in Fighting
 15133 | Orc:2    | Noticed an orc warlord
 15149 | Orc:2    | Killed an orc warlord
 15326 | Orc:2    | Found Dekk's Antique Weapon Boutique.
 15397 | Orc:2    | Gained mutation: A powerful demonic guardian rushes to your
                  | aid. [demonic ancestry]
 15397 | Orc:2    | Reached XP level 15. HP: 83/89 MP: 19/19
 15400 | Orc:2    | Noticed an orc warlord
 15433 | Orc:2    | Killed an orc warlord
 15571 | Orc:2    | Found a staircase to the Elven Halls.
 15719 | Orc:2    | Reached skill level 9 in Fighting
 15747 | Orc:2    | Found Fillec's Antique Armour Shop.
 15750 | Orc:2    | Found Dineiplo's Antique Weapon Boutique.
 15992 | Orc:2    | Found Qostur's Assorted Antiques.
 15998 | Orc:2    | Bought a heavily runed leather armour for 238 gold pieces
 15998 | Orc:2    | Identified the +1 leather armour of the Holding Gods {rN+
                  | Will- Dex+6 Stlth+} (You bought it in a shop on level 2 of
                  | the Orcish Mines)
 16018 | Orc:2    | Learned a level 4 spell: Animate Dead
 16225 | Orc:1    | Reached skill level 17 in Dodging
 16377 | Orc:1    | Found Fiezau's Firing Range.
 17492 | D:14     | Found a gate to the Vaults.
 17769 | D:14     | Reached skill level 10 in Fighting
 17933 | D:14     | Acquired 741 gold pieces
 18482 | D:15     | Entered Level 15 of the Dungeon
 18593 | D:15     | Reached skill level 11 in Fighting
 18760 | D:15     | HP: 19/95 [skeletal warrior/+0 broad axe (19)]
 18766 | D:15     | Reached skill level 18 in Dodging
 18850 | D:15     | Found a staircase to the Depths.
 18938 | D:15     | Found a radiant altar of Vehumet.
 18939 | D:15     | Found a basalt altar of Yredelemnul.
 18940 | D:15     | Found a stormy altar of Qazlal.
 19037 | D:15     | Reached XP level 16. HP: 86/101 MP: 20/20
 19040 | D:15     | Identified the +3 broad axe "Rubuec" {vamp, Dex+4}
 19045 | D:15     | Reached skill level 12 in Fighting
 19189 | D:15     | Identified the amulet "Rirrex" {Acrobat rN+ rCorr}
 19191 | D:15     | Identified the +8 plate armour of Gravitas {Str+7}
 19287 | D:15     | Reached skill level 1 in Armour
 19582 | D:15     | Reached skill level 2 in Armour
 19649 | D:15     | Noticed a sphinx
 19657 | D:15     | Killed a sphinx
 19822 | D:15     | HP: 23/103 [yaktaur captain/bolt (3)]
 19829 | D:15     | Reached skill level 3 in Armour
 20489 | D:15     | Reached skill level 13 in Fighting
 20514 | D:15     | Reached skill level 4 in Armour
 20965 | D:15     | Found the +0 staff of Battle
 21211 | D:15     | Reached skill level 5 in Armour
 21617 | Elf:1    | Entered Level 1 of the Elven Halls
 21901 | Elf:1    | Reached skill level 6 in Armour
 22088 | Elf:1    | You add the spells Shock, Spellforged Servitor and
                  | Lehudib's Crystal Spear to your library.
 22088 | Elf:1    | Got the Papyrus of Arcane Weapons
 22132 | Elf:1    | Noticed a Brimstone Fiend
 22223 | Elf:1    | Found a runed translucent gate.
 22224 | Elf:1    | Found a runed translucent gate.
 22224 | Elf:1    | Noticed frimble's ghost (journeyman MeIE)
 22225 | Elf:1    | Found a runed translucent gate.
 22225 | Elf:1    | Noticed a titan
 22226 | Elf:1    | Found an iron altar of Okawaru.
 22252 | Elf:1    | Lost mutation: Your flesh is heat resistant. (rF+) [potion
                  | of mutation]
 22252 | Elf:1    | Lost mutation: You have large cloven feet. [potion of
                  | mutation]
 22252 | Elf:1    | Lost mutation: You are frail. (-10% HP) [potion of
                  | mutation]
 22252 | Elf:1    | Gained mutation: You are dopey. (Int -2) [potion of
                  | mutation]
 22252 | Elf:1    | Gained mutation: You have a somewhat thin skeletal
                  | structure. (Dex +2, Stealth+) [potion of mutation]
 22377 | Elf:1    | Reached skill level 14 in Fighting
 22854 | Elf:2    | Found Foiffe's Antique Armour Emporium.
 22858 | Elf:2    | Paralysed by an air elemental for 1 turns
 23420 | Elf:2    | HP: 14/119 [+2 vorpal halberd (16)]
 23425 | Elf:2    | HP: 24/119 [+2 vorpal halberd (7)]
 23432 | Elf:2    | HP: 29/119 [+2 vorpal halberd (2)]
 23434 | Elf:2    | HP: 13/119 [fire elemental[a deep elf pyromancer] (7)]
 23434 | Elf:2    | Slain by a fire elemental

Vanquished Creatures
  A sphinx (D:15)
  2 orc warlords (Orc:2)
  A deep elf annihilator (Elf:1)
  Snorg (Orc:2)
  2 yaktaur captains
  2 fire dragons
  An ogre mage (D:15)
  7 boulder beetles
  10 centaur warriors
  2 vault guards (Bailey)
  3 catoblepae
  11 hydras
  5 two-headed ogres
  5 tengu warriors
  3 orc high priests (Orc:2)
  10 death yaks
  Urug (Orc:1)
  2 deep elf knights (Elf:1)
  5 skeletal warriors
  A glowing orange brain (D:15)
  2 lindwurms
  10 deep elf pyromancers
  A deep elf archer (Elf:1)
  A phantasmal warrior (D:15)
  A wolf spider (D:15)
  3 deep elf zephyrmancers (Elf:1)
  4 orc knights
  8 cyclopes
  2 orc sorcerers (Orc:2)
  14 ugly things
  An oklob plant (Lair:5)
  4 manticores
  10 elephants
  4 black mambas
  Joseph (D:7)
  Maurice (Orc:2)
  A gargoyle (D:14)
  10 cane toads
  A yaktaur (shapeshifter) (D:13)
  An unseen horror (D:13)
  Maggie (D:7)
  5 komodo dragons
  2 yaktaurs (D:14)
  2 kobold demonologists
  5 rime drakes
  3 efreet
  A tengu conjurer (D:13)
  2 polar bears
  4 trolls
  2 slime creatures (D:9)
  13 blink frogs
  Prince Ribbit (Bailey)
  A spriggan (shapeshifter) (D:15)
  A water elemental (Elf:1)
  Sigmund (D:5)
  A shadow (D:13)
  A wraith (D:11)
  19 yaks
  A vampire (D:10)
  A dire elephant simulacrum (D:11)
  2 basilisks
  A golden eye (shapeshifter) (D:14)
  3 humans (Bailey)
  3 wyverns
  2 steam dragons
  A death yak simulacrum (D:11)
  A warg (Orc:2)
  6 vampire mosquitoes
  A harpy simulacrum (D:15)
  Duvessa (D:7)
  6 water moccasins
  A meliai simulacrum (D:15)
  30 orc warriors
  3 black bears
  3 ice beasts
  A black bear (shapeshifter) (D:15)
  A sky beast (D:7)
  27 wolves
  8 boggarts
  A phantom (D:6)
  6 ogres
  19 centaurs
  A kobold brigand (D:8)
  20 bullfrogs
  A necrophage (D:7)
  A gnoll sergeant (D:11)
  3 scorpions
  4 wights (D:8)
  A hornet simulacrum (D:15)
  Dowan (D:7)
  10 killer bees
  A troll skeleton (D:9)
  4 spriggan skeletons (D:9)
  An electric eel (Lair:3)
  A howler monkey (D:6)
  A vampire bat (D:9)
  A hound (D:6)
  22 orc priests
  14 jellies
  3 iguanas
  24 orc wizards
  Natasha (D:2)
  A polar bear simulacrum (D:11)
  A wolf simulacrum (D:11)
  16 gnolls
  7 adders
  A naga simulacrum (D:11)
  A white imp (D:7)
  2 ufetubi
  A worm (D:4)
  2 dart slugs
  90 orcs
  12 bats
  5 endoplasms
  3 giant cockroaches
  4 hobgoblins
  A quokka (D:2)
  A training dummy (Orc:1)
  6 ball pythons
  2 frilled lizards
  10 goblins
  9 kobolds
  3 rats
  A lurking horror (Lair:1)
643 creatures vanquished.

Vanquished Creatures (collateral kills)
  A deep elf sorcerer (Elf:1)
  A war gargoyle (D:15)
  A deep elf demonologist (Elf:1)
  A deep elf annihilator (D:15)
  A deep elf death mage (Elf:1)
  An ettin (D:15)
  A fire dragon (D:15)
  A yaktaur captain (D:15)
  3 ogre magi (D:15)
  An ice dragon (D:15)
  2 boulder beetles (D:15)
  2 hydras (D:15)
  2 rakshasas
  2 catoblepae
  2 centaur warriors
  A two-headed ogre (D:12)
  6 death yaks (Lair:6)
  A dancing weapon (Elf:2)
  A death knight (D:15)
  An orc high priest (Orc:2)
  2 deep elf knights
  4 skeletal warriors
  2 orc knights
  3 deep elf archers
  A deep elf pyromancer (Elf:1)
  A deep elf zephyrmancer (Elf:1)
  A harpy (shapeshifter) (Elf:1)
  A wolf spider (D:15)
  A cyclops (D:14)
  2 orc sorcerers (Orc:2)
  2 ugly things (D:14)
  7 elephants
  An unseen horror (D:9)
  4 cane toads
  A komodo dragon (Lair:6)
  A freezing wraith (D:15)
  2 trolls (Orc:1)
  2 polar bears (Lair:3)
  A meliai (D:15)
  A meliai (shapeshifter) (D:15)
  3 blink frogs
  A spriggan (shapeshifter) (D:15)
  A water elemental (Elf:1)
  An air elemental (Elf:2)
  3 basilisks
  11 yaks
  A human (shapeshifter) (Elf:1)
  2 vampire mosquitoes (D:14)
  3 wargs
  Menkaure (D:7)
  5 water moccasins
  11 orc warriors
  7 wolves
  4 bullfrogs
  A spriggan skeleton (D:9)
  An electric eel (Lair:3)
  4 orc priests
  A jelly (Lair:5)
  6 orc wizards
  16 orcs
  A ball python (D:1)
  An endoplasm (Lair:5)
  A giant cockroach (D:2)
  A goblin (D:1)
  3 kobolds (D:8)
  2 training dummies (Orc:1)
164 creatures vanquished.

Vanquished Creatures (others)
  A centaur warrior (D:15)
  An orc warrior (D:7)
  38 battlemagi
  4 ancestors
  An orc zombie (Orc:1)
  An orc (D:7)
  19 fungi
  52 plants
117 creatures vanquished.

Grand Total: 924 creatures vanquished

Table legend:
 A = Non-vault XP
 B = Vault XP
 C = Vault XP percentage of total XP
 D = Non-vault monster count
 E = Vault monster count
 F = Vault count percentage of total count
                 A         B        C        D         E       F
            +---------+---------+-------+---------+---------+-------
      Total |  107762 |   99640 |  48.0 |     505 |     303 |  37.5
            +---------+---------+-------+---------+---------+-------
        D:1 |      30 |       0 |   0.0 |      16 |       0 |   0.0
        D:2 |      83 |      35 |  29.7 |      19 |       1 |   5.0
        D:3 |      72 |       0 |   0.0 |      11 |       0 |   0.0
        D:4 |     278 |       2 |   0.7 |      14 |       2 |  12.5
        D:5 |     466 |     214 |  31.5 |      13 |       1 |   7.1
        D:6 |     948 |       0 |   0.0 |      18 |       0 |   0.0
        D:7 |     903 |    1859 |  67.3 |      15 |      13 |  46.4
        D:8 |     862 |     368 |  29.9 |      16 |       5 |  23.8
        D:9 |    2113 |     831 |  28.2 |      23 |      16 |  41.0
       D:10 |    1591 |     154 |   8.8 |       9 |       8 |  47.1
       D:11 |    4072 |    2416 |  37.2 |      21 |      13 |  38.2
       D:12 |    5155 |       0 |   0.0 |      20 |       0 |   0.0
       D:13 |    8116 |       0 |   0.0 |      25 |       0 |   0.0
       D:14 |   15964 |    1605 |   9.1 |      31 |       3 |   8.8
       D:15 |       0 |   55809 | 100.0 |       0 |      86 | 100.0
     Lair:1 |    2720 |       0 |   0.0 |      11 |       0 |   0.0
     Lair:2 |    6279 |       0 |   0.0 |      31 |       0 |   0.0
     Lair:3 |    4293 |    3867 |  47.4 |      16 |      14 |  46.7
     Lair:4 |    4908 |    2850 |  36.7 |      17 |       4 |  19.0
     Lair:5 |    7345 |     472 |   6.0 |      23 |      13 |  36.1
     Lair:6 |   15533 |   10192 |  39.6 |      35 |      24 |  40.7
      Orc:1 |    4775 |     841 |  15.0 |      33 |       7 |  17.5
      Orc:2 |    6809 |   10137 |  59.8 |      66 |      67 |  50.4
      Elf:1 |   10069 |    4684 |  31.7 |      15 |       7 |  31.8
      Elf:2 |    4378 |       0 |   0.0 |       7 |       0 |   0.0
     Bailey |       0 |    3304 | 100.0 |       0 |      19 | 100.0
            +---------+---------+-------+---------+---------+-------

Illustrated notes

Table legend:
 A = Kills in this place as a percentage of kills in entire the game.
 B = Kills by you in this place as a percentage of kills by you in the entire game.
 C = Kills by friends in this place as a percentage of kills by friends in the entire game.
 D = Other kills in this place as a percentage of other kills in the entire game.
 E = Experience gained in this place as a percentage of experience gained in the entire game.
 F = Experience gained in this place divided by the number of levels of this place that you have seen.
                   A       B       C       D       E      F
               +-------+-------+-------+-------+-------+----------------------
         Total | 100.0 | 100.0 | 100.0 | 100.0 | 100.0 | 7681.6
       Dungeon |  49.4 |  53.4 |  32.9 | 100.0 |  50.1 | 6929.7
          Lair |  23.3 |  21.5 |  30.5 |   0.0 |  28.2 | 9743.2
  Orcish Mines |  21.4 |  20.4 |  25.6 |   0.0 |  10.9 | 11281.0
   Elven Halls |   3.6 |   2.2 |   9.1 |   0.0 |   9.2 | 9565.5
        Bailey |   2.4 |   2.5 |   1.8 |   0.0 |   1.6 | 3304.0
               +-------+-------+-------+-------+-------+----------------------

Table legend: (Time is in decaauts)
 A = Elapsed time spent in this place.
 B = Non-inter-level travel time spent in this place.
 C = Inter-level travel time spent in this place.
 D = Time resting spent in this place.
 E = Time spent auto-exploring this place.
 F = Levels seen in this place.
 G = Mean time per level.
                   A        B        C        D        E       F      G
               +--------+--------+--------+--------+--------+-----+--------+
         Total |  23119 |  21949 |   1170 |   1414 |  16568 |  27 |  856.3 |
       Dungeon |  14208 |  13507 |    701 |    625 |  10756 |  15 |  947.2 |
        Temple |    122 |    101 |     21 |      0 |     87 |   1 |  122.0 |
          Lair |   4969 |   4703 |    266 |    207 |   3588 |   6 |  828.2 |
  Orcish Mines |   1723 |   1589 |    134 |     58 |    954 |   2 |  861.5 |
   Elven Halls |   1854 |   1809 |     45 |    511 |   1055 |   2 |  927.0 |
        Bailey |    241 |    241 |      0 |     13 |    126 |   1 |  241.0 |
               +--------+--------+--------+--------+--------+-----+--------+

Top non-repeatable levels by time:
    D:15: 2978 daAuts
   Elf:1: 1775 daAuts
     D:3: 1299 daAuts
   Orc:2: 1183 daAuts
  Lair:6: 1169 daAuts
     D:1: 1139 daAuts
    D:13: 1129 daAuts
    D:14: 1101 daAuts
     D:2: 1087 daAuts
     D:5: 877 daAuts
  Lair:2: 833 daAuts
  Lair:3: 810 daAuts
     D:7: 807 daAuts
  Lair:5: 777 daAuts
    D:10: 742 daAuts
